[Event "Titled Tuesday Blitz November 14 Late 2023"]
[White "Szpar, Milosz"]
[Black "Atanasov, Anthony"]
[WhiteFideId "1184989"]
[BlackFideId "2623897"]
[WhiteElo "2860"]
[BlackElo "2600"]
[Result "1-0"]
[Round "5"]
[TimeControl "180+1"]
[Date "2023.11.14"]
[WhiteClock "0:00:06"]
[BlackClock "0:00:03"]
[Board "24"]

1. Nf3 d5 2. e3 Bf5 3. c4 e6 4. cxd5 exd5 5. Qb3 Nc6 6. Qxb7 Nge7 7. Qb3 Rb8 8. Qa4 Rb4 9. Qd1 Rg4 10. d3 Ng6 11. h3 Rb4 12. a3 Rb6 13. Be2 Bd6 14. Nc3 Be6 15. d4 O-O 16. b4 a5 17. b5 Nce7 18. Bd2 Nf5 19. Bd3 Ngh4 20. Nxh4 Nxh4 21. g3 Ng6 22. h4 Qf6 23. Qh5 h6 24. Nxd5 Bxd5 25. Qxd5 Re8 26. h5 Nf8 27. Rh4 Ne6 28. Qf5 Qd8 29. Qh7+ Kf8 30. Rg4 Qf6 31. Kf1 Ng5 32. Qf5 Qxf5 33. Bxf5 Rxb5 34. Bd7 Rb2 35. Bxe8 Rxd2 36. Bb5 f5 37. Rh4 Ne4 38. Be2 Nc3 39. Bf3 Be7 40. Rf4 Ke8 41. Rxf5 a4 42. Rc1 Na2 43. Rxc7 Bxa3 44. Ra7 Nc3 45. Re5+ Kd8 46. Bg4 Rd1+ 47. Kg2 Rd2 48. Rf5 Ke8 49. Re5+ Kf8 50. Bf3 Kg8 51. Rf5 Kh7 52. Rff7 Kh8 53. Rxg7 Nd1 54. Rh7+ Kg8 55. Bd5+ Kf8 56. Rh8# 1-0


[Site "https://www.chess.com"]

[Event "Titled Tuesday Blitz November 14 Late 2023"]
[White "Zakhartsov, Vladimir"]
[Black "Taboas Rodriguez, Daniel"]
[WhiteFideId "4145097"]
[BlackFideId "2208466"]
[WhiteElo "2849"]
[BlackElo "2594"]
[Result "1-0"]
[Round "5"]
[TimeControl "180+1"]
[Date "2023.11.14"]
[WhiteClock "0:00:44"]
[BlackClock "0:00:00"]
[Board "25"]

1. d4 Nf6 2. c4 g6 3. Nc3 Bg7 4. Bg5 O-O 5. Qd2 d5 6. Bxf6 Bxf6 7. cxd5 c6 8. dxc6 Nxc6 9. e3 e5 10. d5 Ne7 11. Nf3 Bg7 12. Bc4 a6 13. a4 Bg4 14. O-O Nf5 15. Ne4 Rc8 16. Be2 Nd6 17. Nxd6 Qxd6 18. e4 Rc7 19. Rfc1 Rfc8 20. Rxc7 Qxc7 21. Ne1 Bd7 22. h3 Bf8 23. Nd3 Bd6 24. Rc1 Qd8 25. b3 Kg7 26. Bg4 Rxc1+ 27. Qxc1 Bxg4 28. hxg4 Qh4 29. Qc8 Qe7 30. g3 h6 31. Kg2 Kh7 32. a5 Kg7 33. Nb2 Bc5 34. Nc4 Bd4 35. Nd2 Qb4 36. Nf3 Bc5 37. g5 Bf8 38. gxh6+ Kxh6 39. Qe8 1-0


[Site "https://www.chess.com"]

[Event "Titled Tuesday Blitz November 14 Late 2023"]
[White "Lima, Kleyton Alcantara"]
[Black "Ivic, Velimir"]
[WhiteFideId "22718397"]
[BlackFideId "950122"]
[WhiteElo "2593"]
[BlackElo "2819"]
[Result "1/2-1/2"]
[Round "5"]
[TimeControl "180+1"]
[Date "2023.11.14"]
[WhiteClock "0:00:21"]
[BlackClock "0:00:17"]
[Board "26"]

1. e4 c5 2. Nf3 e6 3. d4 cxd4 4. Nxd4 Nc6 5. Nc3 Qc7 6. Qd3 Nf6 7. Ndb5 Qb8 8. Qg3 d6 9. Be3 a6 10. Nd4 Bd7 11. f4 Qc7 12. Bd3 h5 13. O-O Ng4 14. Nxc6 Nxe3 15. Qxe3 Qxc6 16. e5 dxe5 17. Qxe5 Qc5+ 18. Qxc5 Bxc5+ 19. Kh1 O-O-O 20. f5 Bd4 21. fxe6 Bxe6 22. Bf5 Bxc3 23. bxc3 Bxf5 24. Rxf5 Rd7 25. Raf1 f6 26. h3 Rd2 27. R1f2 Rxf2 28. Rxf2 Re8 29. Kg1 Re1+ 30. Kh2 Kd7 31. Kg3 Re3+ 32. Kh4 Re5 33. g4 hxg4 34. hxg4 Ra5 35. Rd2+ Ke7 36. Re2+ Kd7 37. Rd2+ Kc6 38. Re2 Rxa2 39. Re7 Rxc2 40. Rxg7 a5 41. Rf7 Rf2 42. Kg3 Rf1 43. Kg2 Rf4 44. Kg3 Rc4 45. Rxf6+ Kd5 46. g5 Rxc3+ 47. Kg4 b5 48. g6 Rc1 49. Rf5+ Kc4 50. Rg5 Rd1 51. g7 Rd8 52. g8=Q+ Rxg8 53. Rxg8 a4 54. Kf3 Kd3 55. Rb8 a3 56. Rxb5 Kc2 57. Ke2 a2 58. Ra5 Kb1 59. Kd2 a1=Q 60. Rb5+ Ka2 61. Ra5+ Kb1 62. Rxa1+ Kxa1 1/2-1/2


[Site "https://www.chess.com"]

[Event "Titled Tuesday Blitz November 14 Late 2023"]
[White "Hafiz, Arif Abdul"]
[Black "Gimenez Aguirre, Alejo Ismael"]
[WhiteFideId "7104227"]
[BlackFideId "32041667"]
[WhiteElo "2810"]
[BlackElo "2591"]
[Result "0-1"]
[Round "5"]
[TimeControl "180+1"]
[Date "2023.11.14"]
[WhiteClock "0:00:31"]
[BlackClock "0:00:58"]
[Board "27"]

1. e4 c5 2. Nc3 g6 3. f4 Bg7 4. Nf3 Nc6 5. a4 d6 6. Bb5 Bd7 7. O-O a6 8. Bc4 e6 9. f5 gxf5 10. d3 fxe4 11. Nxe4 Qe7 12. Nfg5 Nh6 13. Qh5 Ne5 14. Nxe6 Bxe6 15. Bxh6 Bxh6 16. Qxh6 O-O-O 17. Bxe6+ fxe6 18. Rae1 Rhg8 19. Nxc5 Rg6 20. Qh3 Rdg8 21. Rf2 Ng4 22. Rf4 dxc5 23. Ree4 h5 24. Qxh5 Nf6 25. Qh4 Rxg2+ 26. Kf1 Rg1+ 27. Ke2 R8g2+ 28. Kf3 Nxe4 29. Qxe7 Nd2+ 30. Ke3 Re1# 0-1


[Site "https://www.chess.com"]

[Event "Titled Tuesday Blitz November 14 Late 2023"]
[White "OPQRC"]
[Black "Ghasi, Ameet K"]
[BlackFideId "409200"]
[WhiteElo "2589"]
[BlackElo "2808"]
[Result "1-0"]
[Round "5"]
[TimeControl "180+1"]
[Date "2023.11.14"]
[WhiteClock "0:00:07"]
[BlackClock "0:00:00"]
[Board "28"]

1. e4 g6 2. d4 Bg7 3. Nc3 d6 4. Bc4 e6 5. Nf3 Ne7 6. O-O h6 7. Re1 Nd7 8. Bf4 a6 9. a4 b6 10. h3 Bb7 11. Qd2 g5 12. Bh2 Ng6 13. Rad1 O-O 14. d5 e5 15. Ne2 f5 16. exf5 Rxf5 17. Ng3 Rxf3 18. gxf3 Nh4 19. Qe3 Qf6 20. Be2 Rf8 21. Nh5 Qf5 22. f4 gxf4 23. Bxf4 exf4 24. Qe7 Qg5+ 25. Qxg5 hxg5 26. Bg4 Ne5 27. Re4 Bc8 28. Be6+ Bxe6 29. dxe6 Re8 30. c4 Rxe6 31. Kf1 Kf7 32. b4 Bf8 33. Nxf4 gxf4 34. Rxf4+ Rf6 35. Rxh4 Be7 36. Rh7+ Kf8 37. Rd4 a5 38. bxa5 bxa5 39. Ke2 Rf7 40. Rh8+ Kg7 41. Ra8 Bf6 42. Rxa5 Re7 43. Kd1 Nc6 44. Rg4+ Kf7 45. Rh5 Ke6 46. a5 Ne5 47. Re4 Kd7 48. f4 Nc6 49. Rxe7+ Bxe7 50. a6 Bf6 51. Rb5 Bd4 52. h4 Ke6 53. h5 Kf6 54. Ke2 Bb6 55. Kd3 Bc5 56. Ke4 Bb6 57. Kd5 Ne7+ 58. Ke4 Nc6 59. Rxb6 cxb6 60. Kd5 Na7 61. Kxd6 Kf5 62. Kc7 b5 63. cxb5 Nxb5+ 64. Kb6 Nd6 65. a7 Nc8+ 66. Kb7 Nxa7 67. Kxa7 Kf6 68. Kb6 Kf5 69. Kc5 Kf6 70. Kd4 Kf5 71. Ke3 Kf6 72. Ke4 1-0


[Site "https://www.chess.com"]

[Event "Titled Tuesday Blitz November 14 Late 2023"]
[White "Omelja, Artem"]
[Black "mind1mover"]
[WhiteFideId "14119846"]
[WhiteElo "2589"]
[BlackElo "2808"]
[Result "1-0"]
[Round "5"]
[TimeControl "180+1"]
[Date "2023.11.14"]
[WhiteClock "0:00:03"]
[BlackClock "0:00:00"]
[Board "29"]

1. e4 Nc6 2. Nf3 d6 3. d4 Nf6 4. Nc3 g6 5. h3 Bg7 6. Be2 O-O 7. O-O e5 8. d5 Ne7 9. a4 a5 10. Nd2 Nd7 11. Nc4 Nc5 12. Be3 b6 13. Qd2 f5 14. exf5 Nxf5 15. Bxc5 bxc5 16. Nb5 Bh6 17. Qd3 Nd4 18. Nxd4 cxd4 19. Bg4 Bf5 20. Bxf5 gxf5 21. c3 Kh8 22. Rae1 Qg5 23. f4 Qg6 24. fxe5 Rg8 25. Re2 dxc3 26. Qxc3 Bg7 27. Qf3 Raf8 28. exd6 cxd6 29. Re6 Bd4+ 30. Kh1 Qg5 31. Nxd6 f4 32. Ne4 Qxd5 33. Rh6 Rg7 34. Rd1 Rfg8 35. Rh5 Qc4 36. Nd6 Qc2 37. Rxd4 Qb1+ 38. Rd1 Qxb2 39. Rg1 Qf6 40. Nf5 Rg6 41. Qxf4 Rg5 42. Qh4 Qxf5 43. Rxg5 Rxg5 44. Qd4+ Kg8 45. Rd1 Qf7 46. Qd8+ Kg7 47. Rd7 1-0


[Site "https://www.chess.com"]

[Event "Titled Tuesday Blitz November 14 Late 2023"]
[White "Dourerassou, Jonathan"]
[Black "Fernandez Reyes, Lisandro"]
[WhiteFideId "628050"]
[BlackFideId "3504190"]
[WhiteElo "2797"]
[BlackElo "2571"]
[Result "0-1"]
[Round "5"]
[TimeControl "180+1"]
[Date "2023.11.14"]
[WhiteClock "0:00:20"]
[BlackClock "0:01:16"]
[Board "30"]

1. d4 Nf6 2. Bg5 Ne4 3. Bf4 c5 4. Nd2 Nxd2 5. Qxd2 cxd4 6. Qxd4 Nc6 7. Qd2 e5 8. Bg3 d6 9. O-O-O Be6 10. Kb1 Be7 11. e3 Qb6 12. Ne2 d5 13. Nc3 Rd8 14. Bb5 f6 15. Qe2 O-O 16. Ba4 d4 17. Ne4 Nb4 18. Bb3 Bxb3 19. axb3 Qa5 20. exd4 Qa2+ 21. Kc1 Qa1+ 22. Kd2 Qxb2 23. Qc4+ Kh8 24. Ke2 Nxc2 25. Kf1 Rxd4 26. Rxd4 Nxd4 27. Qc3 Qb1+ 28. Qe1 Qd3+ 29. Kg1 Ne2+ 30. Kf1 Nxg3+ 31. Kg1 Nxe4 32. h4 Bc5 33. Rh3 Qxh3 34. gxh3 Bxf2+ 0-1


[Site "https://www.chess.com"]

[Event "Titled Tuesday Blitz November 14 Late 2023"]
[White "Holt, Conrad"]
[Black "angelgab3"]
[WhiteFideId "2034387"]
[WhiteElo "2787"]
[BlackElo "2568"]
[Result "1-0"]
[Round "5"]
[TimeControl "180+1"]
[Date "2023.11.14"]
[WhiteClock "0:00:04"]
[BlackClock "0:00:00"]
[Board "31"]

1. d4 Nf6 2. c4 e6 3. Nc3 d5 4. cxd5 exd5 5. Bg5 c6 6. e3 Be7 7. Bd3 h6 8. Bh4 O-O 9. Nge2 Re8 10. O-O a5 11. Rc1 Nbd7 12. Na4 Ne4 13. Bxe7 Qxe7 14. Qc2 Ndf6 15. Nb6 Rb8 16. Nc3 Bf5 17. Rfe1 Qe6 18. Nca4 Nd6 19. Nc5 Bxd3 20. Qxd3 Qg4 21. Nb3 Nf5 22. Qd1 Qg5 23. Nxa5 Ne4 24. Nb3 h5 25. Nd7 f6 26. Nxb8 Rxb8 27. Nc5 Ned6 28. Ne6 Qh6 29. Nf4 g6 30. Qb3 Re8 31. g3 h4 32. Qd1 hxg3 33. hxg3 Qg5 34. Nh3 Qh6 35. Qg4 Re4 36. f4 Nxe3 37. Qd7 Nef5 38. Rxe4 dxe4 39. Qd8+ 1-0


[Site "https://www.chess.com"]

[Event "Titled Tuesday Blitz November 14 Late 2023"]
[White "Rastbod, Ali"]
[Black "Pinheiro, Iung Alicio de O."]
[WhiteFideId "12567477"]
[BlackFideId "2104350"]
[WhiteElo "2778"]
[BlackElo "2562"]
[Result "1-0"]
[Round "5"]
[TimeControl "180+1"]
[Date "2023.11.14"]
[WhiteClock "0:00:37"]
[BlackClock "0:00:00"]
[Board "32"]

1. Nf3 d5 2. c4 d4 3. b4 f6 4. e3 e5 5. c5 a5 6. Qa4+ Qd7 7. b5 Bxc5 8. Bc4 dxe3 9. dxe3 Qg4 10. Qb3 a4 11. Qc2 Qxg2 12. Rg1 Qxf3 13. Bxg8 Bb4+ 14. Bd2 Bf5 15. Qxc7 Nd7 16. Bxb4 Rxg8 17. Nc3 Bd3 18. Qd6 1-0


[Site "https://www.chess.com"]

[Event "Titled Tuesday Blitz November 14 Late 2023"]
[White "Sokolovsky, Yahli"]
[Black "Vafin, Ayrat"]
[WhiteFideId "2820242"]
[BlackFideId "4146530"]
[WhiteElo "2774"]
[BlackElo "2540"]
[Result "1/2-1/2"]
[Round "5"]
[TimeControl "180+1"]
[Date "2023.11.14"]
[WhiteClock "0:00:05"]
[BlackClock "0:00:07"]
[Board "33"]

1. b3 Nf6 2. Bb2 g6 3. c4 Bg7 4. g3 O-O 5. Bg2 c6 6. Nf3 d5 7. O-O Bg4 8. d3 Nbd7 9. Nbd2 Re8 10. Qc2 e5 11. h3 Bxf3 12. Bxf3 e4 13. dxe4 dxe4 14. Bg2 e3 15. fxe3 Rxe3 16. Kf2 Qe7 17. Bf3 Re8 18. Rfe1 Qc5 19. Kg2 h5 20. Rad1 h4 21. g4 Qg5 22. Bc1 R3e7 23. Nf1 Qe5 24. Qd2 Nc5 25. Qf4 Qe6 26. Ba3 Nfe4 27. Bxe4 Nxe4 28. Bxe7 Rxe7 29. Rd3 Kh7 30. Nh2 Bh6 31. Qf2 Qe5 32. Nf3 Qf6 33. Qxh4 Qf4 34. g5 Qxh4 35. Nxh4 Bxg5 36. Nf3 Bf4 37. Red1 Nf6 38. Kf2 Bc7 39. Nd2 Bb6+ 40. Kf1 Kg7 41. Re1 Bc5 42. e3 a5 43. Ke2 Nh5 44. Kf3 Re6 45. Ne4 Bb6 46. Red1 Re5 47. Ng3 Nf6 48. e4 Re6 49. Re1 Re5 50. Re2 Bc7 51. a3 Re7 52. Rg2 Nh7 53. h4 Kf8 54. Rdd2 Re5 55. Rd3 Nf6 56. Re2 Re7 57. b4 Be5 58. bxa5 Rc7 59. Rb3 Re7 60. Rd2 Bxg3 61. Rd8+ Kg7 62. Kxg3 Nxe4+ 63. Kf4 Nc5 64. Re3 Ne6+ 65. Rxe6 Rxe6 66. Rd7 Rf6+ 67. Ke4 Rf5 68. Rxb7 Rxa5 69. Rc7 Ra6 70. Ke5 Rxa3 71. Rxc6 Re3+ 72. Kf4 Rh3 73. Kg4 Rc3 74. Rc7 Kf6 75. Kf4 Rh3 76. Kg4 Rc3 77. c5 Rc4+ 78. Kg3 Ke6 79. Kh3 f6 80. Kg3 Kf5 81. c6 Rc3+ 82. Kf2 Kg4 83. Rc8 Kxh4 84. c7 Kg5 85. Ke2 f5 86. Kd2 Rc6 87. Ke3 Kg4 88. Kd4 f4 89. Kd5 Rc2 90. Kd6 g5 91. Rf8 f3 92. c8=Q+ Rxc8 93. Rxc8 f2 94. Rf8 Kg3 95. Ke5 g4 96. Ke4 Kg2 97. Ke3 f1=Q 98. Rxf1 Kxf1 99. Kf4 Kf2 100. Kxg4 1/2-1/2


[Site "https://www.chess.com"]

[Event "Titled Tuesday Blitz November 14 Late 2023"]
[White "Korchmar, Vasiliy"]
[Black "subham777"]
[WhiteFideId "24131750"]
[WhiteElo "2764"]
[BlackElo "2540"]
[Result "0-1"]
[Round "5"]
[TimeControl "180+1"]
[Date "2023.11.14"]
[WhiteClock "0:00:00"]
[BlackClock "0:00:34"]
[Board "34"]

1. e4 e6 2. d4 d5 3. e5 c5 4. c3 Nc6 5. Nf3 Qb6 6. Be2 cxd4 7. cxd4 Nge7 8. Na3 Nf5 9. Nc2 h5 10. O-O g6 11. Bd3 Bd7 12. Rb1 Nfxd4 13. Nfxd4 Nxd4 14. Be3 Bc5 15. b4 Be7 16. Nxd4 Qd8 17. Qd2 Kf8 18. f4 Kg7 19. g3 Rc8 20. h3 a6 21. a3 Kg8 22. Rbd1 a5 23. g4 hxg4 24. hxg4 axb4 25. axb4 Qb6 26. Nf5 Qxb4 27. Nxe7+ Qxe7 28. Qf2 d4 29. Bxd4 Bc6 30. Qg3 Qa3 31. Kf2 Qa2+ 32. Be2 Bb5 33. Rfe1 Rc2 0-1


[Site "https://www.chess.com"]

[Event "Titled Tuesday Blitz November 14 Late 2023"]
[White "Nazari, Arad"]
[Black "Richter, Paul"]
[WhiteFideId "12577324"]
[BlackFideId "2046350"]
[WhiteElo "2762"]
[BlackElo "2535"]
[Result "1-0"]
[Round "5"]
[TimeControl "180+1"]
[Date "2023.11.14"]
[WhiteClock "0:00:16"]
[BlackClock "0:00:08"]
[Board "35"]

1. e4 c5 2. Nf3 d6 3. Bb5+ Nc6 4. Bxc6+ bxc6 5. O-O e5 6. c3 g5 7. d4 g4 8. Ne1 cxd4 9. cxd4 Ba6 10. Nd3 exd4 11. Re1 Be7 12. e5 d5 13. Qxg4 Bxd3 14. Qg7 Bxb1 15. Qxh8 Qa5 16. Qxg8+ Kd7 17. Qg4+ Kc7 18. Bd2 Qxd2 19. Raxb1 Bc5 20. b4 Bb6 21. e6 d3 22. Qg3+ Kb7 23. exf7 Rf8 24. Qf3 Qc2 25. Rbd1 d2 26. Re7+ Ka6 27. Qe2+ Qc4 28. Qxc4+ dxc4 29. Rxd2 Kb5 30. a3 a5 31. bxa5 Bc5 32. Rb7+ Kxa5 33. Rc2 Rd8 34. g3 h5 35. Rxc4 Bxa3 36. Rxc6 h4 37. Kg2 Rh8 38. Rg6 h3+ 39. Kf3 Rf8 40. Rg8 Bd6 41. Rxf8 1-0


[Site "https://www.chess.com"]

[Event "Titled Tuesday Blitz November 14 Late 2023"]
[White "Erdogan, Anil Berk"]
[Black "Karacsonyi, Gellert"]
[WhiteFideId "6348173"]
[BlackFideId "764620"]
[WhiteElo "2529"]
[BlackElo "2762"]
[Result "1-0"]
[Round "5"]
[TimeControl "180+1"]
[Date "2023.11.14"]
[WhiteClock "0:00:09"]
[BlackClock "0:00:07"]
[Board "36"]

1. e4 c5 2. Nf3 Nc6 3. d4 cxd4 4. Nxd4 g6 5. c4 Nf6 6. Nc3 d6 7. Be2 Nxd4 8. Qxd4 Bg7 9. Be3 O-O 10. Qd2 a5 11. O-O a4 12. f3 Qa5 13. Rfd1 Be6 14. Nd5 Nxd5 15. cxd5 Qxd2 16. Rxd2 Bd7 17. Bd4 Bxd4+ 18. Rxd4 Rfc8 19. Rc4 Rxc4 20. Bxc4 Rc8 21. b3 b5 22. Bf1 a3 23. Bd3 f5 24. Kf2 Kf7 25. Ke3 Kf6 26. Kd4 h6 27. b4 g5 28. Rb1 e5+ 29. dxe6 Bxe6 30. exf5 Bxa2 31. Ra1 Bc4 32. Rxa3 Bxd3 33. Kxd3 Rc4 34. Ra6 Rxb4 35. Rxd6+ Kxf5 36. g4+ Kf4 37. Rf6+ Ke5 38. Rxh6 Rb3+ 39. Ke2 Rb2+ 40. Ke3 Rb3+ 41. Kf2 Kd4 42. Rg6 b4 43. Rxg5 Rb1 44. Rb5 b3 45. h4 b2 46. Kg2 Kc3 47. h5 Re1 48. h6 Re6 49. g5 Re5 50. Rxe5 b1=Q 51. f4 Kd4 52. Kf3 Qh1+ 53. Kg4 Qd1+ 54. Kf5 Qh5 55. Kf6 Qf3 56. Rf5 Qc6+ 57. Kg7 Qd7+ 58. Rf7 Qg4 59. h7 Ke3 60. h8=Q Kf3 61. Qf8 Kg3 62. g6 Qf3 63. f5 Qc3+ 64. f6 Qf3 65. Qh8 Qg4 66. Qh6 Qc8 67. Re7 Qd8 68. Qe3+ Kg4 69. Re4+ Kh5 70. Qh3+ Kg5 71. Qg4# 1-0


[Site "https://www.chess.com"]

[Event "Titled Tuesday Blitz November 14 Late 2023"]
[White "Djordjevic, Vuk"]
[Black "Sztokbant, Bernardo Vainzoff"]
[WhiteFideId "902098"]
[BlackFideId "2115956"]
[WhiteElo "2755"]
[BlackElo "2507"]
[Result "1-0"]
[Round "5"]
[TimeControl "180+1"]
[Date "2023.11.14"]
[WhiteClock "0:00:14"]
[BlackClock "0:00:15"]
[Board "37"]

1. d4 d5 2. Bf4 c5 3. e3 Nc6 4. c3 Bf5 5. Nd2 e6 6. Ngf3 Qb6 7. Nh4 Bg6 8. Nxg6 hxg6 9. Qb3 c4 10. Qc2 Nf6 11. e4 Be7 12. Be2 O-O 13. O-O Rac8 14. Rae1 Nxe4 15. Nxe4 dxe4 16. Bxc4 Nxd4 17. cxd4 Qxd4 18. Rxe4 Qc5 19. Qe2 Bf6 20. Be3 Qa5 21. b3 a6 22. a4 Rfd8 23. h3 Qf5 24. Rf4 Qe5 25. Qf3 b5 26. axb5 axb5 27. Be2 Rc2 28. Re4 Qb2 29. Bxb5 Qxb3 30. Ba4 Qb2 31. Bxc2 Qxc2 32. Rf4 g5 33. Rxf6 gxf6 34. Qxf6 Rd5 35. Bxg5 Kh7 36. Qxf7+ 1-0


[Site "https://www.chess.com"]

[Event "Titled Tuesday Blitz November 14 Late 2023"]
[White "Schnaider, Ilan"]
[Black "Kubicka, Anna"]
[WhiteFideId "169013"]
[BlackFideId "1152254"]
[WhiteElo "2738"]
[BlackElo "2469"]
[Result "0-1"]
[Round "5"]
[TimeControl "180+1"]
[Date "2023.11.14"]
[WhiteClock "0:00:09"]
[BlackClock "0:00:14"]
[Board "38"]

1. e4 c5 2. Nf3 d6 3. Bb5+ Nd7 4. a4 g6 5. Nc3 Bg7 6. a5 Nf6 7. a6 O-O 8. O-O Nb8 9. axb7 Bxb7 10. Re1 Nc6 11. Bxc6 Bxc6 12. d4 cxd4 13. Nxd4 Bb7 14. Bg5 Qb6 15. Ra3 a6 16. Rb3 Qa7 17. h3 Rab8 18. Be3 Qa8 19. f3 Nd7 20. Nde2 Bc6 21. Bd4 Rxb3 22. cxb3 Qb7 23. Kh1 Nc5 24. Bxg7 Kxg7 25. Nd4 Rb8 26. b4 Ne6 27. Nd5 Bxd5 28. exd5 Nxd4 29. Qxd4+ Kg8 30. Re4 Qc7 31. Qe3 Rb7 32. Kh2 f6 33. Re6 Kf7 34. Qh6 Kg8 35. h4 Qd8 36. h5 Qf8 37. Qe3 g5 38. f4 h6 39. Qd3 Qf7 40. Qxa6 Qxh5+ 41. Kg1 Rc7 42. Qf1 gxf4 43. b5 Qxd5 44. Re1 Qd4+ 45. Qf2 Qxf2+ 46. Kxf2 Rb7 47. Kf3 Kf7 48. Kxf4 Rxb5 49. Re2 Rb3 50. Kg4 e5 51. Kh5 Kg7 52. Re4 d5 53. Rg4+ Kf7 54. Kxh6 Rxb2 55. Rg7+ Ke6 56. Rg8 Rf2 57. g4 d4 58. Kg6 d3 59. Re8+ Kd7 60. Ra8 d2 61. Ra1 Re2 62. Rd1 e4 63. Kxf6 e3 64. Ra1 Re1 65. Ra7+ Kc6 66. Ra6+ Kb5 67. Rd6 d1=Q 68. Rxd1 Rxd1 69. g5 Rg1 70. g6 Rxg6+ 71. Kxg6 e2 72. Kf5 e1=Q 73. Kf4 Qe2 74. Kg3 Kc5 75. Kh3 Kd4 76. Kg3 Qf1 77. Kh2 Ke4 78. Kg3 Qf3+ 79. Kh2 Qg4 80. Kh1 Kf3 81. Kh2 Qg2# 0-1


[Site "https://www.chess.com"]

[Event "Titled Tuesday Blitz November 14 Late 2023"]
[White "szachmistrz2500"]
[Black "Hambleton, Aman"]
[BlackFideId "2606577"]
[WhiteElo "2452"]
[BlackElo "2722"]
[Result "0-1"]
[Round "5"]
[TimeControl "180+1"]
[Date "2023.11.14"]
[WhiteClock "0:00:00"]
[BlackClock "0:00:07"]
[Board "39"]

1. Nf3 d5 2. g3 c6 3. Bg2 Nf6 4. O-O Bf5 5. d3 h6 6. Nbd2 e6 7. Qe1 Bh7 8. e4 Be7 9. b3 a5 10. a4 Na6 11. Bb2 Nb4 12. Rc1 O-O 13. Qe2 Re8 14. Ne5 Nd7 15. Nxd7 Qxd7 16. f4 Bf8 17. e5 b5 18. axb5 cxb5 19. Nf3 a4 20. bxa4 bxa4 21. Kh1 a3 22. Ba1 Rec8 23. Nd4 Na2 24. Rce1 Bb4 25. Rb1 Nc3 26. Qe1 Nxb1 27. Qxb4 a2 28. g4 Qa4 29. Qe7 Qa7 30. Qh4 Nc3 31. Nb3 Qe3 32. f5 Qxe5 33. f6 Qg5 34. Qe1 d4 35. fxg7 Qxg7 36. Bxa8 Rxa8 37. Qf2 Rd8 38. Rg1 Bg6 39. h4 Qe5 40. h5 Bh7 41. Re1 Qd5+ 42. Kh2 f5 43. gxf5 Bxf5 44. Rg1+ Kf7 45. Qg3 Qd6 46. Nxd4 Qxg3+ 47. Rxg3 Rxd4 48. Bxc3 Rh4+ 49. Kg2 Rg4 50. Rxg4 Bxg4 51. Kg3 Bd1 52. Kh4 Bxc2 53. d4 Ke7 54. Kg4 Kd6 55. Kf4 Kd5 56. Bb2 Bd1 57. Ke3 Bxh5 58. Kf4 Be2 59. Kg3 h5 60. Kh4 Bg4 61. Kg5 Kc4 62. d5 exd5 63. Kf4 Kb3 64. Be5 Kc2 0-1


[Site "https://www.chess.com"]

[Event "Titled Tuesday Blitz November 14 Late 2023"]
[White "Rorrer, Grayson"]
[Black "Saya, Ethan"]
[WhiteFideId "30944996"]
[BlackFideId "26095181"]
[WhiteElo "2721"]
[BlackElo "2435"]
[Result "1-0"]
[Round "5"]
[TimeControl "180+1"]
[Date "2023.11.14"]
[WhiteClock "0:00:19"]
[BlackClock "0:00:00"]
[Board "40"]

1. e4 e6 2. d4 d5 3. Nd2 c5 4. exd5 Qxd5 5. dxc5 Bxc5 6. Ngf3 Nf6 7. Bc4 Qc6 8. Qe2 Qc7 9. Nb3 Bb4+ 10. c3 Bd6 11. Bg5 Nbd7 12. Nbd4 O-O 13. Nb5 Qb8 14. Nxd6 Qxd6 15. O-O a6 16. Rad1 Qc7 17. Nd4 Qe5 18. Qxe5 Nxe5 19. Bb3 Bd7 20. Rfe1 Ng6 21. Bc2 Rfd8 22. h3 Bc6 23. Nxc6 bxc6 24. c4 a5 25. Ba4 Ne7 26. Be3 Rab8 27. b3 Nd7 28. Rd2 1-0


[Site "https://www.chess.com"]

[Event "Titled Tuesday Blitz November 14 Late 2023"]
[White "Goncalves, Davi Sulzbacher"]
[Black "Zeltsan, Joseph"]
[WhiteFideId "2154510"]
[BlackFideId "30932980"]
[WhiteElo "2436"]
[BlackElo "2713"]
[Result "0-1"]
[Round "5"]
[TimeControl "180+1"]
[Date "2023.11.14"]
[WhiteClock "0:00:38"]
[BlackClock "0:00:12"]
[Board "41"]

1. e4 c5 2. Nf3 d6 3. c3 Nf6 4. Bd3 Nc6 5. O-O Bg4 6. Bc2 e6 7. h3 Bh5 8. Ba4 Nxe4 9. d4 Be7 10. d5 Bxf3 11. gxf3 exd5 12. fxe4 dxe4 13. Qd5 O-O 14. Nd2 Ne5 15. Qxe4 Bf6 16. Qd5 Qc8 17. Kg2 Ng6 18. Nf3 a6 19. Bg5 b5 20. Bc2 Bxg5 21. Qxg5 h6 22. Qd5 Nf4+ 0-1


[Site "https://www.chess.com"]

[Event "Titled Tuesday Blitz November 14 Late 2023"]
[White "Hasangatin, Ramil"]
[Black "Gurevich, Dmitry"]
[WhiteFideId "4122160"]
[BlackFideId "2000407"]
[WhiteElo "2697"]
[BlackElo "2429"]
[Result "1-0"]
[Round "5"]
[TimeControl "180+1"]
[Date "2023.11.14"]
[WhiteClock "0:00:11"]
[BlackClock "0:00:00"]
[Board "42"]

1. e4 c5 2. Nf3 d6 3. d4 cxd4 4. Qxd4 a6 5. Be3 e6 6. Nc3 Nf6 7. O-O-O Be7 8. Qb6 O-O 9. Qxd8 Rxd8 10. Bb6 Re8 11. Bc7 b5 12. Bxd6 Bxd6 13. Rxd6 b4 14. e5 bxc3 15. exf6 cxb2+ 16. Kxb2 gxf6 17. Be2 Nd7 18. Rhd1 Rb8+ 19. Kc1 Nc5 20. Ne1 Kf8 21. Bf3 Bb7 22. Bxb7 Rxb7 23. Rc6 Rb5 24. Nd3 Na4 25. Rc4 Nb6 26. Rc5 Nd5 27. Rxb5 axb5 28. Kb2 Rc8 29. Nc1 f5 30. Rd4 Ke7 31. Rh4 Nf6 32. Rb4 Ne4 33. Nd3 Nd6 34. Rh4 Rh8 35. Kb3 h6 36. g3 Kf6 37. Nb2 Ne4 38. Nd3 Kg7 39. Kb4 Rc8 40. Kxb5 1-0


[Site "https://www.chess.com"]

[Event "Titled Tuesday Blitz November 14 Late 2023"]
[White "Jimenez Ruano, Adrian"]
[Black "Shuvalova, Polina"]
[WhiteFideId "22276050"]
[BlackFideId "24171760"]
[WhiteElo "2408"]
[BlackElo "2696"]
[Result "1-0"]
[Round "5"]
[TimeControl "180+1"]
[Date "2023.11.14"]
[WhiteClock "0:01:26"]
[BlackClock "0:00:00"]
[Board "43"]

1. d4 Nf6 2. c4 e6 3. Nc3 d5 4. cxd5 Nxd5 5. e4 Nxc3 6. bxc3 c5 7. Nf3 cxd4 8. cxd4 Bb4+ 9. Bd2 Bxd2+ 10. Qxd2 O-O 11. Bc4 Nd7 12. O-O b6 13. d5 Nf6 14. Rfe1 exd5 15. exd5 Bb7 16. Rad1 Qd6 17. Nd4 Qc5 18. Nf5 h6 19. Nxh6+ gxh6 20. Qxh6 Qxc4 21. Re3 Ng4 22. Qg5+ Kh7 23. Rh3+ 1-0


[Site "https://www.chess.com"]

[Event "Titled Tuesday Blitz November 14 Late 2023"]
[White "Mazzilli, Piero"]
[Black "Solon, Nathan"]
[WhiteFideId "807087"]
[BlackFideId "2017229"]
[WhiteElo "2361"]
[BlackElo "2689"]
[Result "1/2-1/2"]
[Round "5"]
[TimeControl "180+1"]
[Date "2023.11.14"]
[WhiteClock "0:00:17"]
[BlackClock "0:00:18"]
[Board "44"]

1. e4 c5 2. Nf3 Nf6 3. e5 Nd5 4. c3 d6 5. d4 cxd4 6. cxd4 Nc6 7. Bc4 dxe5 8. Bxd5 Qxd5 9. Nc3 Qd6 10. d5 Nb8 11. O-O g6 12. Nb5 Qb6 13. a4 a6 14. Be3 Qd8 15. Na3 Bg7 16. Nc4 Nd7 17. Re1 O-O 18. Qb3 Rb8 19. a5 e4 20. Ng5 Nf6 21. Bf4 Bf5 22. Bxb8 Qxb8 23. Nb6 h6 24. Nh3 Ng4 25. g3 Ne5 26. Nf4 Nf3+ 27. Kg2 Nxe1+ 28. Rxe1 Qe5 29. Rc1 e3 30. Nc4 Qe4+ 31. f3 Qd4 32. Qxe3 Rc8 33. Qxd4 Bxd4 34. b3 Be3 35. Re1 Bxf4 36. gxf4 Kf8 37. Re5 f6 38. Re3 Rd8 39. d6 exd6 40. Re2 d5 41. Nb6 d4 42. Rd2 d3 43. Kf2 Re8 44. Na4 Ke7 45. Nc5 Rd8 46. Nxb7 Rc8 47. b4 Rc4 48. Nc5 Rxb4 49. Nxa6 Rxf4 50. Nc5 Rd4 51. Ke3 Rd5 52. Nxd3 Rxa5 53. Nf4 Ra3+ 54. Kf2 g5 55. Nd5+ Kf7 56. Ne3 Be6 57. Ng2 f5 58. Ne3 Kf6 59. Nc2 Ra2 60. Ke2 Bc4+ 61. Ke3 f4+ 62. Kd4 Bb3 63. Kc3 Rxc2+ 64. Rxc2 Bxc2 65. Kxc2 Ke5 66. Kd3 Kd5 67. h3 h5 68. Kc3 Kc5 69. Kd3 Kd5 70. Kc3 Ke5 71. Kd3 Kf5 72. Ke2 Ke6 73. Kd2 Kd6 74. Kc2 Kc6 75. Kd2 Kd5 76. Kd3 Ke5 77. Kc3 g4 78. hxg4 hxg4 79. fxg4 Ke4 80. Kd2 f3 81. Ke1 Kf4 82. Kf2 Kxg4 83. Kf1 Kg3 84. Kg1 Kg4 85. Kf2 Kf4 86. Kf1 Ke4 87. Kf2 Kf4 88. Kf1 Kf5 89. Kf2 Kg4 90. Kf1 Kg3 91. Kg1 f2+ 92. Kf1 Kf3 1/2-1/2


[Site "https://www.chess.com"]